Map: [ESL] Hard Lead

Players

DnS - Winner!

  • Race: Protoss Protoss
  • Spawn Location: 5:00

LiquidElazer (Elazer)

  • Race: Zerg Zerg
  • Spawn Location: 11:00

Event: HomeStory Cup XXIV

VOD

Have the link to the VOD?

Description

Time

  • Played on: Dec. 1, 2023, 7:26 a.m.
  • Length: 14:52

All games in this series

Show
View Real Time Build Order
Export as new Build Order

DnS Protoss - Winner!

Build Orders: 1 Gate Expand, Oracle Opening, Archon Immortal 

Get SALT Encoding   

  12  0:00  Probe  
  13  0:12  Probe  
  14  0:20  Pylon  
  14  0:24  Probe  
  15  0:38  Probe (Chrono Boost)  
  15  0:41  Gateway  
  16  0:47  Probe (Chrono Boost)  
  17  0:50  Assimilator  
  17  0:52  Probe  
  18  1:04  Probe  
  19  1:16  Probe  
  20  1:27  Nexus  
  20  1:38  Cybernetics Core  
  20  1:40  Probe  
  21  1:48  Assimilator  
  21  1:53  Probe  
  22  1:55  Pylon  
  22  2:06  Probe (Chrono Boost)  
  23  2:11  Adept (Chrono Boost)  
  25  2:18  Probe (Chrono Boost)  
  25  2:19  Stargate  
  26  2:23  Probe (Chrono Boost)  
  27  2:31  Warp Gate  
  27  2:32  Probe  
  27  2:34  Adept (Chrono Boost)  
  30  2:40  Probe  
  31  2:44  Probe  
  32  2:52  Probe  
  32  2:56  Probe  
  32  2:57  Adept  
  36  3:04  Oracle (Chrono Boost), Probe  
  37  3:08  Probe  
  41  3:14  Pylon  
  41  3:16  Probe  
  42  3:21  Gateway  
  42  3:22  Probe  
  43  3:28  Probe  
  43  3:34  Oracle (Chrono Boost), Probe  
  45  3:40  Probe  
  49  3:46  Probe  
  50  3:52  Probe  
  51  3:58  Probe  
  51  3:59  Nexus  
  51  4:00  Pylon  
  48  4:04  Probe  
  48  4:08  Pylon, Oracle (Chrono Boost)  
  49  4:10  Probe  
  49  4:16  Assimilator  
  49  4:17  Probe  
  54  4:21  Assimilator  
  54  4:24  Adept x2  
  54  4:26  Probe  
  59  4:32  Probe  
  59  4:34  Robotics Facility  
  59  4:38  Probe  
  61  4:44  Probe  
  61  4:45  Forge  
  62  4:57  Probe (Chrono Boost)  
  62  4:59  Probe (Chrono Boost)  
  64  5:00  Gateway  
  64  5:01  Pylon  
  64  5:07  Pylon  
  64  5:12  Sentry  
  64  5:13  Probe (Chrono Boost)  
  64  5:14  Shield Battery, Probe x2 (Chrono Boost)  
  69  5:18  Protoss Ground Weapons Level 1  
  72  5:22  Probe x3 (Chrono Boost)  
  72  5:26  Observer  
  73  5:29  Robotics Facility, Probe (Chrono Boost)  
  73  5:30  Probe (Chrono Boost)  
  73  5:31  Pylon  
  73  5:32  Robotics Bay, Probe (Chrono Boost)  
  76  5:36  Probe  
  76  5:40  Assimilator x2, Probe  
  78  5:44  Probe  
  78  5:45  Pylon  
  78  5:48  Probe  
  80  5:56  Probe  
  81  6:00  Gateway  
  81  6:01  Gateway, Probe x2  
  81  6:04  Gateway  
  83  6:06  Pylon  
  83  6:08  Probe  
  83  6:10  Immortal (Chrono Boost)  
  88  6:12  Twilight Council  
  88  6:20  Colossus (Chrono Boost)  
  88  6:22  Probe  
  95  6:33  Zealot x3  
  95  6:35  Observer  
  103  6:44  Colossus (Chrono Boost)  
  101  6:50  Charge  
  101  6:52  Templar Archives  
  101  6:54  Photon Cannon  
  101  7:03  Shield Battery  
  101  7:04  Pylon  
  101  7:05  Zealot  
  101  7:06  Zealot x4  
  117  7:11  Colossus (Chrono Boost)  
  117  7:12  Pylon  
  117  7:13  Pylon, Photon Cannon  
  117  7:15  Photon Cannon  
  117  7:18  Zealot  
  117  7:19  Protoss Ground Weapons Level 2 (Chrono Boost)  
  119  7:23  Extended Thermal Lance  
  118  7:31  High Templar x2  
  118  7:32  Zealot x3  
  118  7:34  Pylon  
  128  7:43  Archon  
  128  7:46  Probe x3  
  131  7:55  Nexus, Colossus (Chrono Boost)  
  131  8:03  High Templar x2  
  141  8:06  Shield Battery  
  141  8:07  Archon  
  141  8:08  Pylon  
  141  8:11  Stalker  
  143  8:13  Probe x3  
  146  8:21  Pylon x3  
  146  8:22  Pylon  
  146  8:25  Immortal (Chrono Boost)  
  150  8:30  High Templar x2  
  150  8:32  Observer  
  150  8:33  Pylon  
  154  8:34  Archon  
  154  8:37  Pylon  
  154  8:42  Probe x3  
  154  8:43  Immortal (Chrono Boost)  
  157  8:50  High Templar  
  157  8:51  High Templar  
  157  8:54  Probe  
  157  8:55  Zealot x2  
  158  8:56  Photon Cannon  
  158  8:59  Archon, Shield Battery  
  158  9:01  Shield Battery  
  158  9:04  Probe x2  
  158  9:08  High Templar x2  
  164  9:12  Gateway  
  164  9:13  Archon  
  164  9:14  Gateway  
  164  9:17  Gateway, Immortal (Chrono Boost)  
  164  9:18  Gateway  
  164  9:24  Zealot x4  
  170  9:31  Immortal (Chrono Boost)  
  176  9:35  Probe x4  
  176  9:36  Assimilator  
  184  9:40  Assimilator  
  184  9:41  High Templar x2  
  184  9:43  Pylon  
  184  9:45  Photon Cannon  
  185  9:47  Archon  
  185  9:49  Photon Cannon  
  185  9:50  Protoss Ground Weapons Level 3 (Chrono Boost)  
  185  9:52  Zealot x3  
  185  10:02  Probe  
  185  10:05  Pylon  
  182  10:13  Psionic Storm  
  178  10:22  High Templar x2  
  178  10:23  High Templar x2  
  178  10:27  Zealot x6  
  198  10:28  Photon Cannon  
  198  10:29  Photon Cannon  
  190  10:45  Photon Cannon  
  190  10:46  Nexus, Photon Cannon  
  190  10:48  Photon Cannon  
  190  10:49  Shield Battery  
  175  11:04  High Templar x4  
  179  11:07  Zealot  
  179  11:09  Archon  
  179  11:10  Archon  
  185  11:15  Nexus  
  185  11:17  Pylon, Fleet Beacon  
  183  11:19  Stargate  
  183  11:20  Warp Prism  
  181  11:26  Probe x2 (Chrono Boost)  
  181  11:30  Probe (Chrono Boost)  
  168  11:35  Protoss Air Weapons Level 1, Probe (Chrono Boost)  
  168  11:37  Probe (Chrono Boost)  
  168  11:38  Probe (Chrono Boost)  
  171  11:40  Probe (Chrono Boost)  
  171  11:41  Zealot x6  
  171  11:42  Zealot  
  171  11:43  Probe (Chrono Boost)  
  179  11:49  High Templar x2, Mothership (Chrono Boost)  
  179  11:50  Zealot, Probe x2  
  179  11:53  Archon  
  179  11:54  Probe  
  186  12:02  Nexus  
  186  12:16  High Templar x4  
  186  12:18  Shield Battery  
  186  12:21  Archon x2, Photon Cannon  
  194  12:26  Blink  
  200  12:30  Pylon  
  193  12:39  Gateway  
  193  12:40  Gateway  
  187  12:52  Carrier (Chrono Boost), Zealot x2  
  197  13:11  Assimilator  
  197  13:12  Assimilator  
  195  13:13  Photon Cannon  
  195  13:15  Observer (Chrono Boost)  
  195  13:17  Photon Cannon x2  
  190  13:32  Photon Cannon  
  190  13:33  Photon Cannon  
  186  13:34  Pylon  
  186  13:38  Photon Cannon  
  186  13:39  Photon Cannon  
  186  13:40  Photon Cannon  
  188  13:55  Zealot x4  
  183  14:11  Probe x2  
  183  14:12  Probe  
  183  14:13  Probe x2  
  183  14:16  High Templar x4  
  184  14:17  High Templar x2  
  184  14:20  Archon  
  184  14:21  Archon x2  
  184  14:23  Probe x2  
  188  14:24  Probe  
  188  14:25  Probe x2  
  188  14:30  Zealot  
  187  14:35  Probe  
  186  14:48  Archon  
Show
View Real Time Build Order
Export as new Build Order

LiquidElazer Zerg 

Build Orders: Hatch First 

Get SALT Encoding   

  12  0:00  Drone  
  13  0:12  Overlord  
  13  0:16  Drone  
  14  0:30  Drone x2  
  16  0:43  Drone  
  17  0:51  Hatchery  
  17  0:54  Drone  
  17  0:57  Drone  
  18  1:08  Extractor  
  17  1:13  Spawning Pool  
  17  1:15  Drone  
  17  1:19  Drone  
  18  1:29  Drone  
  19  1:38  Drone  
  20  1:49  Overlord  
  20  1:59  Queen  
  22  2:02  Zergling x2  
  22  2:03  Queen, Drone  
  26  2:11  Zergling x2, Metabolic Boost  
  26  2:13  Drone  
  28  2:21  Zergling x2  
  29  2:24  Drone  
  30  2:32  Drone  
  30  2:35  Drone  
  32  2:38  Queen  
  34  2:46  Drone, Overlord  
  35  2:53  Hatchery  
  34  3:01  Zergling x2  
  34  3:03  Zergling x2  
  35  3:08  Queen  
  35  3:10  Drone x3  
  40  3:13  Overlord  
  40  3:17  Drone  
  41  3:26  Queen  
  41  3:30  Drone  
  41  3:33  Drone x3  
  47  3:39  Drone  
  48  3:42  Drone x4  
  52  3:51  Drone  
  52  4:02  Spore Crawler, Drone x2  
  51  4:04  Queen  
  51  4:06  Drone x4  
  51  4:08  Spore Crawler  
  56  4:11  Overlord  
  56  4:13  Drone  
  57  4:21  Overlord  
  57  4:29  Queen, Drone x6  
  65  4:41  Overlord  
  65  4:42  Drone x6  
  65  4:45  Evolution Chamber  
  70  4:52  Drone  
  71  4:53  Drone x2  
  73  5:00  Drone x4, Overlord  
  73  5:02  Hatchery  
  73  5:03  Extractor  
  73  5:04  Extractor  
  73  5:06  Roach Warren  
  73  5:10  Drone x3  
  76  5:15  Zerg Melee Weapons Level 1  
  76  5:18  Drone, Overlord  
  76  5:19  Drone x3  
  80  5:25  Drone x2  
  80  5:26  Overlord  
  79  5:32  Zergling x14  
  86  5:36  Lair  
  86  5:40  Zergling x6  
  89  5:44  Zergling x2  
  89  5:48  Spore Crawler  
  89  5:50  Zergling x4  
  89  5:54  Extractor, Drone  
  89  5:55  Drone x2  
  93  5:59  Overlord  
  93  6:02  Zergling x8  
  97  6:07  Overlord  
  97  6:08  Zergling x2  
  97  6:09  Zergling x6  
  101  6:13  Hatchery  
  101  6:16  Drone  
  101  6:17  Drone x2  
  100  6:22  Drone x5  
  105  6:27  Drone x2  
  106  6:36  Roach x6  
  117  6:43  Overlord  
  115  6:47  Drone x3  
  115  6:51  Overlord  
  115  6:52  Drone x5  
  123  6:55  Glial Reconstitution  
  123  6:56  Overlord  
  123  6:57  Ravager x3  
  123  6:58  Baneling Nest  
  123  6:59  Ravager x3  
  128  7:03  Zergling x12  
  128  7:05  Overlord  
  128  7:08  Drone x2  
  135  7:10  Extractor  
  135  7:14  Drone  
  136  7:16  Drone  
  136  7:18  Drone  
  136  7:21  Roach x4  
  146  7:29  Roach x8  
  161  7:34  Overlord  
  161  7:37  Drone x2  
  161  7:38  Drone  
  161  7:39  Extractor, Drone x2  
  161  7:40  Infestation Pit  
  161  7:41  Extractor  
  161  7:42  Drone  
  161  7:43  Drone x2  
  166  7:44  Evolution Chamber  
  166  7:49  Spore Crawler, Overlord  
  158  7:51  Extractor  
  158  7:52  Drone x9  
  158  7:54  Spore Crawler  
  158  7:55  Spore Crawler  
  158  7:56  Spore Crawler  
  158  7:57  Spore Crawler  
  154  7:58  Drone x3  
  154  7:59  Drone  
  154  8:05  Overlord  
  155  8:06  Zerg Melee Weapons Level 2  
  155  8:07  Centrifugal Hooks  
  155  8:10  Spore Crawler  
  154  8:15  Zerg Missile Weapons Level 1  
  154  8:16  Roach x8  
  154  8:17  Overlord  
  154  8:18  Overlord  
  170  8:23  Zergling x16  
  170  8:24  Hive  
  178  8:32  Spine Crawler  
  176  8:36  Zergling x20  
  176  8:37  Hatchery  
  184  8:42  Spine Crawler  
  181  8:50  Zergling x22  
  181  8:51  Zergling x10  
  196  9:04  Zergling x8  
  200  9:17  Spine Crawler, Baneling x12  
  200  9:18  Spine Crawler x2, Baneling x2  
  200  9:19  Spine Crawler  
  200  9:22  Pneumatized Carapace, Overseer x2  
  200  9:23  Hatchery  
  195  9:24  Baneling x21  
  194  9:32  Baneling x10  
  194  9:42  Viper  
  197  9:59  Zergling x2  
  197  10:00  Zergling x6  
  189  10:15  Zergling x24  
  189  10:19  Adrenal Glands  
  189  10:20  Zerg Missile Weapons Level 2  
  193  10:22  Zerg Melee Weapons Level 3  
  190  10:30  Zergling x2  
  190  10:31  Zergling x18  
  190  10:34  Ultralisk Cavern  
  195  10:43  Zergling x12  
  195  10:44  Overseer  
  190  11:00  Baneling x14  
  184  11:05  Zergling x30  
  199  11:12  Overseer  
  199  11:21  Spine Crawler x2  
  199  11:22  Spine Crawler x2, Chitinous Plating  
  191  11:32  Zergling x26  
  193  11:49  Zergling x26  
  193  11:51  Baneling  
  193  11:52  Baneling x28  
  193  11:55  Extractor x2  
  193  11:56  Drone x3  
  193  11:57  Drone x3  
  193  12:00  Drone x3  
  183  12:16  Ultralisk x2  
  183  12:17  Zergling x10  
  199  12:40  Anabolic Synthesis  
  199  12:43  Zergling x16  
  187  12:51  Zerg Ground Armor Level 1  
  187  12:53  Ultralisk x2  
  187  12:54  Zergling x2  
  187  12:55  Zergling x2  
  198  13:06  Zergling x2  
  198  13:09  Overseer x2  
  197  13:25  Zergling x6  
  194  13:39  Zergling x10  
  173  14:04  Spire  
  173  14:05  Ultralisk x4  
  173  14:07  Zergling x48, Roach x5  
  184  14:17  Zergling x6  
  184  14:21  Ravager x5  
  191  14:29  Baneling x27  
  180  14:32  Overlord x2  
  180  14:34  Zergling x18  
Tags
 
Add a new tag
Caveats
  • Supply blocks, unpowered buildings, or Contaminate may cause inaccurate times.
  • Supply counts are checked every 10 seconds.